 Dungeon Crawl Stone Soup version 0.30.1-3-gfc49f6343a (webtiles) character file.

Game seed: 12273585706781326359

734127 cdecastro the Acrobat (level 27, -33/228 HPs)
             Began as a Djinni Fire Elementalist on July 21, 2023.
             Was a High Priest of Ashenzari.
             Annihilated by Ysik the pandemonium lord (42 damage)
             ... in Pandemonium on July 23, 2023.
             The game lasted 06:04:37 (71799 turns).

cdecastro the Acrobat (Djinni Fire Elementalist)   Turns: 71799, Time: 06:04:38

Health: -33/228    AC: 17    Str:  7    XL:     27
Gold:   6351       EV: 35    Int: 37    God:    Ashenzari [*****.] SH: 22 Dex: 23

rFire   + + +        a - staff of fire
rCold   + . .        i - +5 Storm Queen's Shield {shock, Fly rElec, Fort, Self} (curse)
rNeg    + . .        X - +4 moon troll leather armour {Spirit, Regen++ MP+5, Fort, Cun} (curse)
rPois   ∞            t - +0 hat of the Eternal Firmament {Will+ SInv, Self, Evo} (curse)
rElec   +            f - scarf of Supernal Knowledge {rC+ rF+, Self, Fort} (curse)
rCorr   .            V - +2 pair of gloves of the Fated Scepticism {rPois Int+5, Cun, Self} (curse)
SInv    +            (boots unavailable)
Will    +++..        E - amulet of Vitality {RegenMP++ Regen++, Fort, Self} (curse)
Stlth   +++++        e - ring of Cremastomancy {Int+6, Self, Cun} (curse)
HPRegen 3.78/turn    U - ring of Nynwext {rC+ rN+ Dex+4 Stlth-}
MPRegen 0.00/turn

%: clarity, guardian spirit, infuse magic (-34 HP)
@: in a vortex, flying, studying Short Blades
A: sickness immunity, fire resistance 2, cold vulnerability 1, float, innate
caster, HP casting, extra vitality 1, horns 1, sturdy frame 1
}: 6/15 runes: decaying, slimy, silver, abyssal, demonic, gossamer
a: Renounce Religion, Curse Item, Shatter the Chains


You were in Pandemonium.
You worshipped Ashenzari.
Ashenzari was extremely pleased with you.
You visited 14 branches of the dungeon, and saw 58 of its levels.
You visited Pandemonium 2 times, and saw 3 of its levels.
You visited the Abyss 1 time.
You visited 2 bazaars.
You also visited: Bailey and Ice Cave.

You collected 10204 gold pieces.
You spent 3853 gold pieces at shops.

Inventory:

Hand Weapons
 b - a +9 eudemon blade of holy wrath
Armour
 f - the cursed scarf of Supernal Knowledge (worn) {rC+ rF+, Self, Fort}
   (You found it on level 1 of the Dungeon)

   It has a curse which improves the following skills: Introspection: Fighting
   and Spellcasting.
   Fortitude: Armour and Shields.
 i - the cursed +5 Storm Queen's Shield (worn) {shock, Fly rElec, Fort, Self}
   (You found it on level 3 of the Depths)

   Shock:     When it blocks an attack, it may electrocute the attacker.
   This works even against foes who are a short distance away.
   rElec:     It insulates you from electricity.
   Fly:       It grants you flight.
   It has a curse which improves the following skills: Fortitude: Armour and
   Shields.
   Introspection: Fighting and Spellcasting.
 t - the cursed +0 hat of the Eternal Firmament (worn) {Will+ SInv, Self, Evo}
   (You acquired it on level 2 of the Orcish Mines)

   SInv:      It lets you see invisible.
   Will:      It increases your willpower.
   It has a curse which improves the following skills: Introspection: Fighting
   and Spellcasting.
   Evocations: Evocations.
 V - the cursed +2 pair of gloves of the Fated Scepticism (worn) {rPois Int+5, Cun, Self}
   (You bought it in a shop in a bazaar)

   Int:       It affects your intelligence (+5).
   rPois:     It protects you from poison.
   It has a curse which improves the following skills: Cunning: Dodging and
   Stealth.
   Introspection: Fighting and Spellcasting.
 X - the cursed +4 moon troll leather armour (worn) {Spirit, Regen++ MP+5, Fort, Cun}
   (You found it on level 3 of the Elven Halls)

   MP:        It affects your magic capacity (+5).
   Regen:     It increases your rate of health regeneration.
   It has a curse which improves the following skills: Fortitude: Armour and
   Shields.
   Cunning:   Dodging and Stealth.
Magical Staves
 a - a staff of fire (weapon)
 r - the staff of cold "Bemuw" {rElec rC+ Int+3 Dex-3}
   (You found it on level 3 of the Elven Halls)

   [staff of cold]

   Your inability to study Ice Magic prevents you from drawing on the full power
   of this staff in melee.
   Base accuracy: +5 Base damage: 5 Base attack delay: 1.2 This weapon's minimum
   attack delay (0.6) is reached at skill level 12.
   Int:       It affects your intelligence (+3).
   Dex:       It affects your dexterity (-3).
   rC:        It protects you from cold.
   rElec:     It insulates you from electricity.
   It falls into the 'Staves' category.
   It is a one-handed weapon.
 D - a staff of death
 O - the staff of earth "Ytoitenna" {Stlth+}
   (You found it on level 5 of the Vaults)

   [staff of earth]

   Your inability to study Earth Magic prevents you from drawing on the full
   power of this staff in melee.
   Base accuracy: +5 Base damage: 5 Base attack delay: 1.2 This weapon's minimum
   attack delay (0.6) is reached at skill level 12.
   Stlth:     It makes you more stealthy.
   It falls into the 'Staves' category.
   It is a one-handed weapon.
Jewellery
 c - the ring of Asuiruk {rC+++ Str+3 Int+2 Dex-4 SInv}
   (You took it off a deep elf knight on level 3 of the Elven Halls)

   [ring of see invisible]

   Str:       It affects your strength (+3).
   Int:       It affects your intelligence (+2).
   Dex:       It affects your dexterity (-4).
   rC:        It renders you almost immune to cold.
   SInv:      It lets you see invisible.
 e - the cursed ring of Cremastomancy (left hand) {Int+6, Self, Cun}
   (You found it on level 1 of the Dungeon)

   [ring of intelligence]

   Int:       It affects your intelligence (+6).
   It has a curse which improves the following skills: Introspection: Fighting
   and Spellcasting.
   Cunning:   Dodging and Stealth.
 k - the ring of the Feral God {*Corrode rPois rN+ Will+++ Str+2}
   (You found it in an ice cave)

   [ring of positive energy]

   Str:       It affects your strength (+2).
   rPois:     It protects you from poison.
   rN:        It protects you from negative energy.
   *Corrode:  It may corrode you when you take damage.
   Will:      It greatly increases your willpower.
 w - the ring of the Will of the Gods {+Blink rPois rCorr Str+4}
   (You found it on level 4 of the Depths)

   [ring of poison resistance]

   Str:       It affects your strength (+4).
   rPois:     It protects you from poison.
   +Blink:    It lets you blink.
   rCorr:     It protects you from acid and corrosion.
 y - a ring of willpower
 E - the cursed amulet of Vitality (around neck) {RegenMP++ Regen++, Fort, Self}
   (You took it off a royal mummy on level 1 of the Crypt)

   [amulet of magic regeneration]

   It increases your rate of magic regeneration.
   Regen:     It increases your rate of health regeneration.
   It has a curse which improves the following skills: Fortitude: Armour and
   Shields.
   Introspection: Fighting and Spellcasting.
 U - the ring of Nynwext (right hand) {rC+ rN+ Dex+4 Stlth-}
   (You acquired it on level 2 of the Orcish Mines)

   [ring of protection from cold]

   Dex:       It affects your dexterity (+4).
   rC:        It protects you from cold.
   rN:        It protects you from negative energy.
   Stlth:     It makes you less stealthy.
 Z - the ring "Qeoxalum" {Ice rN++ Dex-5}
   (You took it off Josephina on level 2 of the Realm of Zot)

   [ring of ice]

   It enhances your ice magic.
   Dex:       It affects your dexterity (-5).
   rF:        It makes you vulnerable to fire.
   rC:        It protects you from cold.
   rN:        It greatly protects you from negative energy.
Wands
 j - a wand of roots (39)
 o - a wand of digging (35)
 s - a wand of flame (127)
 I - a wand of quicksilver (51)
 K - a wand of mindburst (79) (quivered)
 T - a wand of polymorph (41)
 W - a wand of paralysis (69)
Scrolls
 d - 10 scrolls of fear
 g - 7 scrolls of blinking
 p - 8 scrolls of teleportation
 u - 11 scrolls of fog
 v - 10 scrolls of immolation
 z - 11 scrolls of poison
 A - 5 scrolls of butterflies
 H - 3 scrolls of torment
 J - 6 scrolls of magic mapping
 N - 11 scrolls of vulnerability
 R - 4 scrolls of silence
Potions
 h - 17 potions of might
 l - 8 potions of haste
 m - 7 potions of resistance
 n - 28 potions of heal wounds
 q - 8 potions of attraction
 B - 9 potions of mutation
 C - 13 potions of brilliance
 F - 9 potions of lignification
 P - 7 potions of invisibility
 S - 7 potions of cancellation
Miscellaneous
 x - a tin of tremorstones (2/2)
 G - a phantom mirror
 L - a box of beasts
 M - the horn of Geryon
 Q - a lightning rod (4/4)
 Y - a phial of floods


   Skills:
 - Level 21.6(27) Fighting
 + Level 12.5 Long Blades
 - Level 22.4(27) Armour
 - Level 23.3(27) Dodging
 - Level 10.8(15.0) Stealth
 - Level 15.8(20.7) Shields
 - Level 15.0 Unarmed Combat
 - Level 21.6(27) Spellcasting
 - Level 12.9(15.0) Evocations


You knew the following spells:

 Your Spells              Type           Power      Damage    Failure   Level
a - Foxfire               Conj/Fire      100%       2x1d9     0%          1
b - Scorch                Fire           100%       2d9       0%          2
c - Volatile Blastmotes   Fire/Tloc      100%       2d18      0%          3
d - Inner Flame           Hex/Fire       100%       N/A       0%          3
e - Flame Wave            Conj/Fire      100%       2d21      0%          4
f - Slow                  Hex            100%       N/A       0%          1
g - Momentum Strike       Conj/Tloc      100%       3d10      0%          2
h - Stone Arrow           Conj/Erth      100%       3d13      0%          3
i - Anguish               Hex/Necr       64%        N/A       0%          4
j - Passage of Golubria   Tloc           100%       N/A       0%          4
k - Freezing Cloud        Conj/Ice/Air   64%        6-21      0%          5
l - Plasma Beam           Fire/Air       77%        2x1d103   0%          6
m - Death Channel         Necr           64%        N/A       0%          6
n - Dragon Form           Tmut           64%        N/A       0%          7
o - Discord               Hex            64%        N/A       1%          8
p - Ignition              Fire           77%        3d20      1%          8
q - Shatter               Erth           64%        3d48*     1%          9
r - Polar Vortex          Ice            64%        N/A       1%          9
Your spell library was empty.

Dungeon Overview and Level Annotations

Branches:
Dungeon (15/15)            Temple (1/1) D:7            Lair (5/5) D:8
  Swamp (4/4) Lair:3       Spider (4/4) Lair:2        Slime (5/5) Lair:4
    Orc (2/2) D:9             Elf (3/3) Orc:2        Vaults (5/5) D:13
  Crypt (3/3) Vaults:2       Tomb (1/3) Crypt:3      Depths (4/4) D:15
   Hell (visited)             Dis (0/7) Hell            Geh (0/7) Hell
    Coc (0/7) Hell            Tar (0/7) Hell            Zot (5/5) Depths:4
 Bailey (visited)           IceCv (visited)

Altars:
Ashenzari
Cheibriados
Dithmenos
Elyvilon
Fedhas
Gozag
Hepliaklqana
Makhleb
Nemelex Xobeh
Okawaru
Qazlal
Ru
Trog
Uskayaw
Wu Jian
Xom
Yredelemnul
Zin
The Shining One
Jiyva

Shops:
D:3 (   D:11 :   D:15 (   Orc:1 ?   Orc:2 *!(:   Elf:2 ![((::   Elf:3 :
Vaults:1 *   Depths:1 :==

Portals:
Hell: Depths:1 Depths:2 Depths:3 Depths:4
Abyss: Depths:3
Pandemonium: Depths:2 Depths:3
Ziggurat: Depths:3
Trove: D:14 (give 7 scrolls of blinking)

Annotations:
Crypt:3 1 runed translucent door-int helm, Hynnuzim's ghost, veteran CeHu


Innate Abilities, Weirdness & Mutations

You are immune to sickness and miasma.
You are immune to poison.
Your flesh is very heat resistant. (rF++)
You are vulnerable to cold. (rC-)
You float through the air rather than walking.
You learn spells naturally, not from books.
Your magical power is your life essence.
You have superior vitality. (+4 MHP)
You have a pair of small horns on your head.
Your movements are slightly less encumbered by armour. (ER -2)


Message History

Ka-crash!
* * * LOW HITPOINT WARNING * * *
You hear a hideous shriek!
Ysik sneers, "Run away whilst thou can!"
Unknown command.
Unknown command.
Unknown command.
Casting: Shatter (mildly dangerous; 1% risk of failure)
Confirm with . or Enter, or press ? or * to list all spells.
The dungeon rumbles!
Ysik is moderately wounded.
Ka-crash!
* * * LOW HITPOINT WARNING * * *
You hear a screech!
Ysik hits you!!!
* * * LOW HITPOINT WARNING * * *
Found a wand of flame (11).
Unknown command.
Unknown command.
Unknown command.
Casting: Shatter (mildly dangerous; 1% risk of failure)
Confirm with . or Enter, or press ? or * to list all spells.
The dungeon rumbles!
Ysik is heavily wounded.
Ka-crash!
* * * LOW HITPOINT WARNING * * *
You hear a trumpeting!
You hear a shout!
Ysik completely misses you. Ysik hits you!!
* * * LOW HITPOINT WARNING * * *
Unknown command.
Unknown command.
Unknown command.
Press: ? - help, v - describe, . - travel
Here: Ysik (whirling frost, severely wounded)
The floor.
You hit Ysik but do no damage. You burn Ysik.
You headbutt Ysik, but do no damage.
Ysik is severely wounded.
Ysik hits you!!!
You die...

** * * * * #.#... ..
*.*** *
*.....#.##.##.#### ,
#*#§§§§§§§#§......#, ,
..#§§§§§§§§.§.....# ,,
#.§§§§§§§§#§§.....#.. ,
#.#§§§§§§§§§§§.....'..,
#..§§#§§§§§#§§.....#..,
..§§§§§@§§§§§..&..§§≈~~~
*..§§§§§&§§§§§....≈≈§§ ~
*..§§§§§§§§###..≈≈§§§§~
~ *.#§§§§§§§§§§,
≈≈≈≈§§§, **##§§§§#§§§§§
≈≈≈≈§2.∩,~
#§§###§§§§#/≈≈≈≈≈22,
...#.#...#§ ≈§≈≈22 ,
##....#..#.§≈ ~~ , ,
###.....#.#,,*, ~ , ,,


You could see Ysik.

Vanquished Creatures
  the Royal Jelly (Slime:5)
  A seraph (Pan)
  4 dread liches
  5 orbs of fire
  Khufu (Crypt:1)
  3 ancient liches
  Josephina (Zot:2)
  6 royal mummies
  Vv (Depths:4)
  the Lernaean hydra (Swamp:4)
  Frederick (Vaults:2)
  Bai Suzhen (Vaults:4)
  6 Killer Klowns (Zot:5)
  3 caustic shrikes
  5 curse toes
  Geryon (Hell)
  Nikola (Vaults:1)
  6 golden dragons
  2 pearl dragons (Pan)
  Jory (Vaults:4)
  A pandemonium lord (Pan)
  2 doom hounds (Hell)
  2 electric golems (Zot:5)
  3 bone dragons
  17 tentacled monstrosities
  Zenata (Vaults:4)
  An Ice Fiend (Pan)
  24 Orb Guardians (Zot:5)
  6 liches
  8 quicksilver dragons
  18 acid blobs
  A deep elf master archer (Elf:3)
  4 deep elf blademasters
  2 Executioners (Pan)
  6 titans (Vaults:5)
  10 sphinxes
  A thorn hunter (Swamp:3)
  Gastronok (D:9)
  10 death cobs
  10 ancient champions
  A kraken (Abyss:3)
  Kirke (Lair:3)
  8 tengu reavers
  6 shadow dragons
  3 revenants
  16 storm dragons
  Roxanne (Spider:2)
  3 draconian monks
  8 azure jellies
  A fenstrider witch (Swamp:2)
  14 vault wardens
  17 daevas (Pan)
  7 fire giants
  13 rockslimes
  6 deep elf sorcerers (Elf:3)
  4 frost giants
  4 draconian scorchers
  4 ghost moths
  2 emperor scorpions (Spider:4)
  The ghost of NateTC the Eclecticist, a journeyman DjIE of Jiyva (Orc:2)
  An iron dragon (Hell)
  A juggernaut zombie (Abyss:3)
  3 balrugs
  9 draconian shifters
  29 very ugly things
  2 cacodemons (Hell)
  7 draconian annihilators
  3 curse skulls
  17 reapers
  28 angels (Pan)
  21 ghouls
  4 draconian stormcallers
  A caustic shrike skeleton (Crypt:3)
  9 war gargoyles
  8 quicksilver oozes
  10 ironbound preservers
  A broodmother (Spider:1)
  The ghost of jujuben the Convoker, a journeyman TeSu of Wu Jian (D:13)
  4 deep elf elementalists (Elf:3)
  7 ironbound thunderhulks
  A demonspawn corrupter (Pan)
  3 spriggan defenders
  17 ophanim (Pan)
  4 green draconians
  2 deep elf annihilators
  6 vampire knights
  A lorocyproca (Pan)
  15 stone giants
  A demonspawn black sun (Pan)
  4 deep elf demonologists
  9 black draconians
  28 apis (Pan)
  3 putrid mouths (Depths:1)
  6 red draconians
  5 eleionomae
  9 purple draconians
  3 dire elephants (Vaults:4)
  10 white draconians
  11 yellow draconians
  The ghost of Patrick2011 the Severer, a journeyman HOFi of Beogh (Lair:3)
  2 spark wasps
  9 starcursed masses
  2 bunyips
  2 crystal guardians (Vaults:2)
  2 eidola (Crypt:3)
  13 ettins
  9 deep elf death magi
  8 mummy priests
  12 jiangshi
  2 blizzard demons
  3 green deaths
  A fire dragon (shapeshifter) (Depths:3)
  Snorg (Lair:3)
  9 entropy weavers
  A shambling mangrove (Abyss:3)
  10 fire dragons
  4 deep elf high priests
  A quicksilver dragon zombie (Crypt:2)
  8 yaktaur captains
  A caustic shrike simulacrum (IceCv)
  A rakshasa (Depths:3)
  17 great orbs of eyes
  9 ice dragons
  2 hell beasts
  Erolcha (D:9)
  35 vault guards
  4 ghost crabs
  8 ironbound frosthearts
  2 jorogumos
  20 hydras
  2 peacekeepers
  3 ogre magi (Vaults:5)
  A spriggan zombie (Crypt:2)
  2 radroaches (Spider:3)
  Erica (D:8)
  5 death knights
  4 spriggan air magi
  7 centaur warriors
  28 dancing weapons
  6 alligators
  9 deep troll shamans
  5 death scarabs (Tomb:1)
  6 catoblepae
  16 death yaks
  6 two-headed ogres
  4 boulder beetles
  7 deep troll earth magi
  8 hell hogs
  6 orc high priests
  11 vampire magi
  7 spriggan berserkers
  Urug (Orc:1)
  3 tengu warriors
  17 hell knights
  11 soul eaters
  13 sun demons
  16 deep elf knights
  A wretched star (Abyss:1)
  10 iron trolls
  5 shadow wraiths
  14 skeletal warriors
  A fire crab (Abyss:3)
  A sun moth (Spider:1)
  A sixfirhy (Hell)
  A goliath frog (Swamp:1)
  7 pharaoh ants
  An anaconda zombie (Crypt:3)
  23 deep trolls
  3 quicksilver dragon simulacra
  6 orb spiders
  3 spriggan druids
  11 swamp dragons
  5 flayed ghosts
  4 glowing orange brains
  15 cherubim (Pan)
  A shadow demon (Pan)
  An obsidian statue (IceCv)
  An orange crystal statue (Zot:5)
  8 deep elf archers
  4 lindwurms
  3 spriggan simulacra
  12 bog bodies
  13 ironbound convokers
  A shadow dragon zombie (Crypt:3)
  2 bunyip skeletons
  10 orc knights
  12 wizards
  A steelbarb worm (shapeshifter) (Vaults:5)
  8 harpies
  4 orc sorcerers
  6 phantasmal warriors
  24 deep elf zephyrmancers
  10 necromancers
  21 deep elf pyromancers
  3 shining eyes
  24 ugly things
  3 will-o-the-wisps
  14 wolf spiders
  2 salamanders (Depths:3)
  A human zombie (Vaults:5)
  6 cyclopes
  26 moths of wrath
  2 worldbinders
  4 manticores
  A human skeleton (Vaults:5)
  A moth of wrath (shapeshifter) (Vaults:5)
  A stone giant skeleton (Vaults:4)
  11 vault sentinels
  A centaur zombie (Hell)
  2 black mambas
  2 frost giant skeletons
  An apocalypse crab (Abyss:3)
  7 rust devils (Hell)
  8 demonic crawlers
  2 eyes of devastation
  Maurice (D:13)
  10 smoke demons
  A naga mage (D:15)
  2 gargoyles
  2 dire elephant skeletons (Hell)
  4 torpor snails
  5 hellions (Pan)
  12 unseen horrors
  9 cane toads
  A tormentor (Depths:1)
  6 orange demons
  2 rime drakes
  4 kobold demonologists
  A red draconian zombie (Crypt:3)
  4 komodo dragons
  12 yaktaurs
  A yaktaur (shapeshifter) (Elf:1)
  An efreet (D:15)
  A tengu conjurer (D:14)
  4 anaconda simulacra
  A white draconian skeleton (Crypt:2)
  A minotaur skeleton (Crypt:1)
  3 ancient zymes (Abyss:3)
  3 hydra zombies (Hell)
  23 freezing wraiths
  A red devil (Hell)
  3 ice devils
  3 golden dragon simulacra (IceCv)
  5 polar bears
  10 trolls
  A bloated husk (Swamp:4)
  A meliai (shapeshifter) (Elf:1)
  3 meliai (D:14)
  7 tyrant leeches
  13 guardian mummies
  4 blink frogs (Lair:4)
  A tarantella (shapeshifter) (D:15)
  14 tarantellas
  13 hornets
  2 harpy skeletons
  A jumping spider zombie (Crypt:3)
  8 raiju
  11 dream sheep
  2 iron dragon simulacra
  11 flying skulls
  25 jumping spiders
  A black mamba zombie (Crypt:2)
  A centaur simulacrum (Crypt:3)
  7 ynoxinuls
  An ettin skeleton (Crypt:1)
  An air elemental (Elf:3)
  52 slime creatures
  2 water elementals
  14 culicivoras
  8 spriggans
  3 dire elephant simulacra (IceCv)
  A tyrant leech zombie (Crypt:1)
  2 vampires
  5 ushabtiu
  5 fire bats
  7 shadows
  Eustachio (D:6)
  8 wraiths
  2 steam dragons
  44 yaks
  4 basilisks
  4 wyverns
  A hog (shapeshifter) (D:15)
  6 golden eyes
  2 neqoxecs (Abyss:3)
  7 chaos spawn (Pan)
  7 hogs (Lair:3)
  A purple draconian simulacrum (Zot:2)
  24 redbacks
  A minotaur simulacrum (IceCv)
  6 wargs
  11 vampire mosquitoes
  13 large abominations
  A deep troll zombie (Crypt:1)
  4 harpy simulacra (IceCv)
  3 hydra simulacra
  23 swamp worms
  A glowing shapeshifter skeleton (Vaults:4)
  An acid dragon (D:10)
  A two-headed ogre zombie (Crypt:1)
  20 water moccasins
  2 sky beasts
  A faun zombie (Crypt:3)
  A fire bat skeleton (Crypt:1)
  A demonspawn skeleton (Crypt:2)
  5 swamp drakes
  2 moth of wrath simulacra (Zot:2)
  An ice beast (D:5)
  41 orc warriors
  A black bear (D:8)
  7 ogres
  7 alligator simulacra
  An ettin simulacrum (IceCv)
  9 wolves
  A lindwurm skeleton (Crypt:1)
  14 centaurs
  7 boggarts
  A manticore skeleton (Crypt:2)
  8 kobold brigands
  11 bullfrogs
  A vine stalker zombie (Crypt:1)
  6 small abominations
  5 gnoll sergeants
  4 deep troll simulacra
  2 earth elementals
  10 necrophages
  An ogre simulacrum (Vaults:4)
  7 scorpions
  8 wights
  A polar bear zombie (Crypt:1)
  A warg zombie (Crypt:3)
  A troll zombie (Crypt:2)
  2 lindwurm simulacra
  A warg skeleton (Crypt:3)
  A troll skeleton (Crypt:2)
  4 electric eels
  A howler monkey (D:4)
  A quasit (Abyss:1)
  Crazy Yiuf (D:7)
  8 hounds
  6 gnoll boudas
  29 orc priests
  6 jellies
  A sleepcap (D:6)
  5 iguanas
  21 orc wizards
  7 hell rats (Hell)
  A tengu skeleton (Crypt:3)
  A hound zombie (Crypt:2)
  22 mummies
  Robin (D:3)
  33 gnolls
  3 adders
  A shadow imp (D:8)
  2 white imps
  3 ufetubi
  An adder zombie (Crypt:1)
  A worm (D:4)
  A dart slug (D:1)
  71 orcs
  10 ball pythons
  5 endoplasms
  3 giant cockroaches
  12 goblins
  12 hobgoblins
  2 jackals (D:2)
  4 quokkas
  4 bats
  2 frilled lizards (D:2)
  A frilled lizard skeleton (Crypt:3)
  31 kobolds
  5 rats
  4 fire vortices (Hell)
  A tentacle (Abyss:3)
2442 creatures vanquished.

Vanquished Creatures (collateral kills)
  Margery (Vaults:4)
  Saint Roka (Vaults:1)
  2 caustic shrikes (Depths:4)
  3 tentacled monstrosities (Abyss:3)
  An Orb Guardian (Zot:5)
  A deep elf master archer (Elf:3)
  2 storm dragons
  A draconian monk (Zot:5)
  A fire giant (Vaults:5)
  A draconian scorcher (Zot:4)
  A frost giant (Depths:3)
  An emperor scorpion (Spider:4)
  A vault warden (Vaults:3)
  4 ghost moths
  6 ironbound preservers
  14 very ugly things
  An ophan (Pan)
  4 stone giants
  2 ironbound thunderhulks
  2 black draconians (Zot:5)
  A green draconian (Zot:4)
  A deep elf annihilator (Elf:3)
  4 red draconians
  2 purple draconians
  A blizzard demon (Depths:4)
  2 fire dragons
  An ettin (Vaults:5)
  6 entropy weavers
  A rakshasa (Depths:1)
  2 ice dragons (Depths:3)
  3 yaktaur captains
  A salamander tyrant (Depths:3)
  An ironbound frostheart (Vaults:3)
  2 peacekeepers
  A radroach (Spider:3)
  A jorogumo (Spider:3)
  A boulder beetle (Spider:1)
  A deep troll earth mage (Depths:4)
  2 spriggan berserkers (Depths:2)
  A thrashing horror (Abyss:3)
  A vampire mage (Depths:4)
  3 hell knights
  A cherub (Pan)
  A shadow wraith (Vaults:2)
  20 deep trolls
  A sun moth (Spider:2)
  An anaconda zombie (Hell)
  4 orb spiders (Spider:4)
  2 swamp dragons (Swamp:4)
  4 ironbound convokers
  A bog body (Swamp:3)
  An anaconda skeleton (Hell)
  4 deep elf pyromancers
  A wizard (Vaults:4)
  A steelbarb worm (Spider:3)
  A deep elf zephyrmancer (Elf:1)
  7 wolf spiders
  A human zombie (Vaults:4)
  A salamander (Depths:3)
  3 moths of wrath (Spider:4)
  7 ugly things
  A smoke demon (Abyss:3)
  An apocalypse crab (Abyss:3)
  A vault sentinel (Vaults:4)
  11 yaktaurs
  An anaconda simulacrum (Hell)
  A large abomination (Abyss:3)
  2 hornets
  A troll (Vaults:1)
  12 tarantellas
  3 slime creatures (Vaults:3)
  4 culicivoras
  11 jumping spiders
  A spriggan (Depths:1)
  A water elemental (Hell)
  20 redbacks
  A swamp drake (Swamp:4)
  2 orc warriors (Vaults:1)
  An orc priest (Vaults:1)
  An orc wizard (Vaults:1)
  3 orcs
  26 foxfires
256 creatures vanquished.

Vanquished Creatures (others)
  An ironbound preserver (Vaults:1)
  A death yak (Lair:5)
  An orc high priest (Elf:1)
  A hell knight (Vaults:4)
  A lindwurm (Vaults:3)
  An ugly thing (Vaults:2)
  A deep elf pyromancer (Elf:1)
  A tengu conjurer (Depths:3)
  2 orc warriors
  3 orcs
  1593 foxfires
  7 tentacles (Abyss:3)
1613 creatures vanquished.

Grand Total: 4311 creatures vanquished

Notes
Turn   | Place    | Note
-------+----------+-------------------------------------------
     0 | D:1      | cdecastro the Djinni Fire Elementalist began the quest for
                  | the Orb.
     0 | D:1      | cdecastro set off with the following spells memorised:
                  | Foxfire, Scorch, Volatile Blastmotes, Inner Flame, Flame
                  | Wave.
     0 | D:1      | Reached XP level 1. HP: 15/15 MP: 0/0
   182 | D:1      | Reached XP level 2. HP: 18/22 MP: 0/0
   411 | D:1      | Found a white marble altar of Elyvilon.
   517 | D:1      | Reached skill level 1 in Fighting
   612 | D:1      | Reached XP level 3. HP: 24/27 MP: 0/0
   612 | D:1      | Learned a level 1 spell: Slow
   898 | D:1      | Became a worshipper of Elyvilon the Healer
  1401 | D:2      | Found a faded altar of an unknown god.
  1413 | D:2      | Reached XP level 4. HP: 31/32 MP: 0/0
  1789 | D:3      | Reached * piety under Elyvilon
  2245 | D:3      | Reached XP level 5. HP: 34/38 MP: 0/0
  2245 | D:3      | Learned a level 2 spell: Momentum Strike
  2382 | D:3      | Found Saezumir's Weapon Shoppe.
  2502 | D:3      | Reached ** piety under Elyvilon
  2779 | D:3      | Noticed Robin
  2918 | D:3      | Killed Robin
  3102 | D:4      | Noticed an ogre
  3176 | D:4      | Reached XP level 6. HP: 41/45 MP: 0/0
  3816 | D:5      | Entered Level 5 of the Dungeon
  3891 | D:5      | Reached *** piety under Elyvilon
  3925 | D:5      | Reached XP level 7. HP: 43/50 MP: 0/0
  3925 | D:5      | Learned a level 3 spell: Stone Arrow
  4016 | D:5      | Reached skill level 5 in Spellcasting
  4436 | D:5      | Reached XP level 8. HP: 56/58 MP: 0/0
  4535 | D:5      | Reached skill level 5 in Fighting
  5132 | D:6      | Reached **** piety under Elyvilon
  5215 | D:6      | Noticed Eustachio
  5220 | D:6      | Killed Eustachio
  5221 | D:6      | Reached XP level 9. HP: 40/66 MP: 0/0
  5221 | D:6      | Learned a level 4 spell: Anguish
  6906 | D:7      | Found a runed translucent door.
  6907 | D:7      | Noticed Crazy Yiuf
  7265 | D:7      | Noticed a troll
  7362 | D:4      | Reached XP level 10. HP: 72/75 MP: 0/0
  7799 | D:7      | Killed Crazy Yiuf
  7966 | D:7      | Found a staircase to the Ecumenical Temple.
  7972 | Temple   | Entered the Ecumenical Temple
  8119 | Temple   | Fell from the grace of Elyvilon
  8119 | Temple   | Became a worshipper of Ashenzari the Shackled
  8490 | D:8      | Noticed Erica
  8695 | D:8      | Killed Erica
  8817 | D:8      | Found a staircase to the Lair.
  8882 | D:8      | Found a flagged portal.
  8889 | Bailey   | Entered a bailey
  9014 | Bailey   | Reached skill level 10 in Spellcasting
  9100 | Bailey   | Identified the +1 robe of Insatiable Hunger {Str+3 Int+2
                  | Dex-2}
  9158 | Bailey   | Found an iron altar of Okawaru.
  9416 | D:8      | Found an ornate altar of the Wu Jian Council.
  9618 | D:8      | Reached XP level 11. HP: 81/84 MP: 0/0
  9618 | D:8      | Learned a level 4 spell: Passage of Golubria
  9695 | D:8      | Noticed a two-headed ogre
  9702 | D:8      | Killed a two-headed ogre
 10409 | D:9      | Reached * piety under Ashenzari
 10409 | D:9      | Identified 2 scrolls of acquirement
 10465 | D:9      | You are sucked into a shaft and drop 2 floors!
 10977 | D:11     | Found Torus's Book Emporium.
 11040 | D:11     | Reached ** piety under Ashenzari
 11277 | D:10     | Entered Level 10 of the Dungeon
 11350 | D:9      | Noticed Erolcha
 11356 | D:9      | Killed Erolcha
 11447 | D:9      | Reached skill level 10 in Fighting
 11658 | D:9      | Found a staircase to the Orcish Mines.
 11658 | D:9      | Noticed Gastronok
 11673 | D:9      | Killed Gastronok
 11907 | D:9      | Found a shadowy altar of Dithmenos.
 11908 | D:9      | Found a hazy altar of Hepliaklqana.
 11911 | D:9      | Found an iron altar of Okawaru.
 11912 | D:9      | Found a sparkling altar of Nemelex Xobeh.
 12192 | D:10     | Reached *** piety under Ashenzari
 12274 | D:10     | Reached XP level 12. HP: 79/98 MP: 0/0
 12498 | D:10     | Reached skill level 3 in Dodging
 12510 | D:10     | Reached skill level 4 in Dodging
 12808 | D:10     | Reached skill level 5 in Dodging
 13400 | D:11     | Reached skill level 6 in Dodging
 13438 | D:11     | Reached skill level 1 in Armour
 13669 | D:12     | Noticed a centaur warrior
 13678 | D:12     | Killed a centaur warrior
 14394 | Lair:1   | Entered Level 1 of the Lair of Beasts
 15173 | Lair:1   | Reached **** piety under Ashenzari
 15195 | Lair:2   | Reached XP level 13. HP: 101/110 MP: 0/0
 15195 | Lair:2   | Learned a level 5 spell: Freezing Cloud
 15374 | Lair:2   | Reached skill level 5 in Stealth
 15426 | Lair:2   | Found a hole to the Spider Nest.
 16224 | Lair:3   | Noticed Kirke
 16236 | Lair:3   | Noticed a sphinx
 16237 | Lair:3   | Killed Kirke
 16313 | Lair:3   | Noticed Snorg
 16320 | Lair:3   | Killed Snorg
 16458 | Lair:3   | Found a runed translucent door.
 16738 | Lair:3   | Found a staircase to the Swamp.
 16883 | Lair:3   | Noticed Patrick2011's ghost (journeyman HOFi)
 17126 | Lair:4   | Reached XP level 14. HP: 104/119 MP: 0/0
 17475 | Lair:4   | Found a staircase to the Slime Pits.
 17478 | Lair:4   | Found a viscous altar of Jiyva.
 17980 | Lair:5   | Entered Level 5 of the Lair of Beasts
 19384 | Lair:5   | Reached XP level 15. HP: 106/128 MP: 0/0
 19384 | Lair:5   | Learned a level 6 spell: Plasma Beam
 19555 | Lair:5   | Identified the +3 ring mail "Fattim" {rN+}
 19789 | Orc:1    | Entered Level 1 of the Orcish Mines
 19865 | Orc:1    | Found Taekareo's Magic Scroll Shoppe.
 19965 | Orc:2    | Entered Level 2 of the Orcish Mines
 20381 | Orc:2    | Found a transporter.
 20387 | Orc:2    | Noticed NateTC's ghost (journeyman DjIE)
 20500 | Orc:1    | Noticed Urug
 20503 | Orc:1    | Killed Urug
 20504 | Orc:1    | Reached skill level 15 in Fighting
 20553 | Orc:2    | Acquired the ring of Nynwext {rC+ rN+ Dex+4 Stlth-}
 20560 | Orc:2    | Reached ***** piety under Ashenzari
 20564 | Orc:2    | Acquired the +0 hat of Dekhes {Will+ SInv}
 20876 | Orc:2    | Found a staircase to the Elven Halls.
 21234 | Orc:2    | Found Xyfita Kiesch's Antique Weapon Boutique.
 21234 | Orc:2    | Found Witzigen's Book Boutique.
 21235 | Orc:2    | Found Ywiklet's General Store.
 21235 | Orc:2    | Found Becam's Distillery.
 21249 | Orc:2    | Bought a tin of tremorstones (2/2) for 680 gold pieces
 21249 | Orc:2    | Bought a ring of willpower for 425 gold pieces
 21420 | D:11     | Bought a manual of Fighting for 1120 gold pieces
 21462 | D:12     | Reached skill level 1 in Evocations
 21676 | D:13     | Noticed jujuben's ghost (journeyman TeSu)
 21679 | D:13     | Found a runed translucent door.
 21698 | D:13     | Noticed Maurice
 21743 | D:13     | Killed Maurice
 21874 | D:13     | Reached XP level 16. HP: 130/140 MP: 0/0
 22076 | D:13     | Reached skill level 5 in Evocations
 22119 | D:13     | Found a gate to the Vaults.
 22542 | D:14     | Found a portal to a secret trove of treasure.
 23691 | D:15     | Entered Level 15 of the Dungeon
 23765 | D:15     | Found a shadowy altar of Dithmenos.
 23891 | D:15     | Found Teal's Weapon Emporium.
 24219 | D:15     | Found a staircase to the Depths.
 24427 | D:15     | Reached skill level 15 in Spellcasting
 25117 | Swamp:1  | Entered Level 1 of the Swamp
 25382 | Swamp:1  | Identified the Secrets of Death and Toxins
 25735 | Swamp:2  | Noticed a fenstrider witch
 25737 | Swamp:2  | Killed a fenstrider witch
 26161 | Swamp:3  | Reached skill level 5 in Armour
 26389 | Swamp:3  | Identified the +10 shortbow of Execution {heavy, Int+2
                  | Stlth+}
 26429 | Swamp:3  | Reached XP level 17. HP: 133/149 MP: 0/0
 26429 | Swamp:3  | Learned a level 6 spell: Death Channel
 26540 | Swamp:3  | Noticed a thorn hunter
 26543 | Swamp:3  | Killed a thorn hunter
 26918 | Swamp:4  | Entered Level 4 of the Swamp
 27547 | Swamp:4  | Noticed the 27-headed Lernaean hydra
 27556 | Swamp:4  | Killed the 27-headed Lernaean hydra
 27684 | Swamp:4  | Got a decaying rune of Zot
 28502 | Spider:1 | Entered Level 1 of the Spider Nest
 28613 | Spider:1 | Found a frozen archway.
 28625 | IceCv    | Entered an ice cave
 28734 | IceCv    | Reached XP level 18. HP: 158/163 MP: 0/0
 28830 | IceCv    | Identified the Exposition on Rime
 28964 | IceCv    | Noticed a lich
 28965 | IceCv    | Killed a lich
 28973 | IceCv    | Reached skill level 7 in Dodging
 29136 | IceCv    | Identified the ring of the Feral God {*Corrode rPois rN+
                  | Will+++ Str+2}
 30241 | Spider:2 | Noticed Roxanne
 30298 | Spider:2 | Reached skill level 8 in Dodging
 30706 | Spider:2 | Reached skill level 9 in Dodging
 30912 | Spider:2 | Reached skill level 10 in Dodging
 31587 | Spider:3 | Reached skill level 11 in Dodging
 31826 | Spider:4 | Entered Level 4 of the Spider Nest
 31873 | Spider:4 | Reached XP level 19. HP: 141/171 MP: 0/0
 31873 | Spider:4 | Learned a level 7 spell: Dragon Form
 32565 | Spider:4 | Got a gossamer rune of Zot
 32640 | Spider:4 | Identified the cursed scarf of Supernal Knowledge {rC+ rF+,
                  | Self, Fort} (You found it on level 1 of the Dungeon)
 32640 | Spider:4 | Identified the cursed +2 pair of gloves of Supernal Wisdom
                  | {Range, Self} (You found it on level 5 of the Dungeon)
 32640 | Spider:4 | Identified the cursed +0 buckler of Ashenzari's Altruism
                  | {Melee, Self} (You took it off a gnoll sergeant on level 11
                  | of the Dungeon)
 32640 | Spider:4 | Identified the cursed +4 troll leather armour of
                  | Apeoromancy {Regen+, Snorg, Fort, Self} (You found it on
                  | level 3 of the Lair of Beasts)
 33029 | D:13     | Killed jujuben's ghost
 33425 | Elf:1    | Entered Level 1 of the Elven Halls
 33571 | Elf:1    | Identified the Teachings on Battle Magic
 33592 | Elf:1    | Found a flickering gateway to a bazaar.
 33599 | Bazaar   | Entered a bazaar
 33599 | Bazaar   | Found Wyggil Zalue's Book Emporium.
 33599 | Bazaar   | Found Keppiff's General Store.
 33599 | Bazaar   | Found Ytaag's Book Emporium.
 33599 | Bazaar   | Found Edeiqo's Book Emporium.
 33599 | Bazaar   | Found Goaluott's Book Shoppe.
 33621 | Bazaar   | Bought a scroll of torment for 95 gold pieces
 34625 | Lair:3   | Killed Patrick2011's ghost
 34905 | Depths:1 | Entered Level 1 of the Depths
 35117 | D:15     | Reached XP level 20. HP: 107/181 MP: 0/0
 35259 | Depths:1 | Found an opulent altar of Gozag.
 35361 | Depths:1 | Found Mismior's Jewellery Shop.
 35362 | Depths:1 | Found Uqinwim's Book Shoppe.
 35369 | Depths:1 | Found Ebeh Worr's Jewellery Shop.
 35399 | Depths:1 | Found an iron altar of Okawaru.
 35421 | Depths:1 | Found a gateway to Hell.
 36663 | Depths:2 | Found a one-way gate leading to the halls of Pandemonium.
 36733 | Depths:2 | Found a bloodstained altar of Trog.
 37406 | Depths:3 | Reached XP level 21. HP: 102/187 MP: 0/0
 37406 | Depths:3 | Learned a level 8 spell: Discord
 37469 | Depths:3 | Found a one-way gate to the infinite horrors of the Abyss.
 37681 | Depths:3 | Found a one-way gateway to a ziggurat.
 37911 | Depths:3 | Noticed a caustic shrike
 38044 | Depths:3 | Killed a caustic shrike
 38401 | Depths:3 | Found the +5 Storm Queen's Shield {shock, Fly rElec}
 38686 | Depths:4 | Entered Level 4 of the Depths
 38849 | Depths:4 | Reached skill level 1 in Shields
 38857 | Depths:4 | Noticed a bone dragon
 38887 | Depths:4 | Killed a bone dragon
 39098 | Depths:4 | Reached skill level 5 in Shields
 39112 | Depths:4 | Noticed Vv
 39299 | Vaults:1 | Entered Level 1 of the Vaults
 39471 | Vaults:1 | Noticed Nikola
 39480 | Vaults:1 | Killed Nikola
 39640 | Vaults:1 | Reached XP level 22. HP: 186/194 MP: 0/0
 39652 | Vaults:1 | Noticed Saint Roka
 39665 | Vaults:1 | Killed Saint Roka
 39821 | Vaults:1 | Identified the +5 arbalest of Honour {penet, Dex+3}
 40070 | Vaults:1 | Identified the +0 ring mail of the Evil One {Harm}
 40465 | Vaults:1 | Found Ceonko's General Store.
 40614 | Vaults:2 | Found a flickering gateway to a bazaar.
 40626 | Bazaar   | Entered a bazaar
 40626 | Bazaar   | Found Daruth's Armour Shop.
 40640 | Bazaar   | Found Xaur's Assorted Antiques.
 40655 | Bazaar   | Found Limamn's Book Boutique.
 40689 | Bazaar   | Found Hiengon's Distillery.
 40709 | Bazaar   | Bought the +2 pair of gloves of Ujykkup {rPois Int+5} for
                  | 398 gold pieces
 40728 | Bazaar   | Bought a potion of heal wounds for 70 gold pieces
 40728 | Bazaar   | Bought 2 potions of heal wounds for 140 gold pieces
 40728 | Bazaar   | Bought a potion of brilliance for 56 gold pieces
 40749 | Bazaar   | Bought a wand of paralysis (7) for 554 gold pieces
 40917 | Vaults:2 | Reached skill level 10 in Shields
 41491 | Vaults:2 | Found a staircase to the Crypt.
 41767 | Vaults:2 | Noticed Frederick
 41777 | Vaults:2 | Killed Frederick
 42109 | Vaults:3 | Identified the ring "Vocis" {rN+ Will+ Str-3 SInv Stlth+}
 42459 | Vaults:3 | Reached XP level 23. HP: 193/201 MP: 0/0
 42459 | Vaults:3 | Learned a level 8 spell: Ignition
 42849 | Vaults:3 | Identified Sif Muna's Compendium of Oromancy and the
                  | Gathering
 43045 | Vaults:4 | Noticed Margery
 43048 | Vaults:4 | Killed Margery
 43049 | Vaults:4 | Reached skill level 15 in Shields
 43686 | Vaults:4 | Noticed Zenata
 43690 | Vaults:4 | Killed Zenata
 43885 | Vaults:4 | Noticed Jory
 43902 | Vaults:4 | Killed Jory
 44107 | Vaults:4 | Noticed Bai Suzhen
 44117 | Vaults:4 | Killed Bai Suzhen
 44843 | Elf:2    | Found Boaph's Book Shoppe.
 44867 | Elf:2    | Reached skill level 10 in Evocations
 44906 | Elf:2    | Found Nitots's Book Emporium.
 45094 | Elf:2    | Found Ablauh's Weapon Shop.
 45115 | Elf:2    | Found Xiaf's Armour Shop.
 45123 | Elf:2    | Found Pami's Distillery.
 45131 | Elf:2    | Bought a potion of heal wounds for 75 gold pieces
 45131 | Elf:2    | Bought a potion of resistance for 150 gold pieces
 45140 | Elf:2    | Found Qopidixa's Antique Weapon Boutique.
 45516 | Elf:2    | Found a huge runed translucent gate.
 45516 | Elf:2    | Found a huge runed translucent gate.
 45517 | Elf:2    | Found a huge runed translucent gate.
 45517 | Elf:2    | Found a huge runed translucent gate.
 45523 | Elf:2    | Found a huge runed translucent gate.
 46049 | Crypt:1  | Entered Level 1 of the Crypt
 46148 | Crypt:1  | Reached XP level 24. HP: 200/208 MP: 0/0
 46441 | Crypt:1  | Identified the +9 war axe of Conformity {vamp, rF+}
 46808 | Crypt:1  | Noticed a royal mummy
 46817 | Crypt:1  | Killed a royal mummy
 46894 | Crypt:1  | Noticed a royal mummy
 46905 | Crypt:1  | Killed a royal mummy
 46934 | Crypt:1  | Noticed Khufu
 46935 | Crypt:1  | Noticed a royal mummy
 46940 | Crypt:1  | Killed a royal mummy
 46943 | Crypt:1  | Killed Khufu
 48163 | Crypt:2  | Identified the +1 chain mail "Col Izxu" {-Cast Will++
                  | Dex+8}
 48536 | Crypt:3  | Entered Level 3 of the Crypt
 48536 | Crypt:3  | Noticed a dread lich
 48539 | Crypt:3  | Killed a dread lich
 48541 | Crypt:3  | Reached skill level 10 in Armour
 49011 | Crypt:3  | Reached XP level 25. HP: 134/214 MP: 0/0
 49011 | Crypt:3  | Learned a level 9 spell: Shatter
 49158 | Crypt:3  | Found a runed translucent door.
 49159 | Crypt:3  | Noticed Hynnuzim's ghost (veteran CeHu)
 49600 | Crypt:3  | Noticed a curse toe
 49610 | Crypt:3  | Noticed a curse toe
 49734 | Crypt:2  | Killed a curse toe
 49802 | Crypt:3  | Killed a curse toe
 49827 | Crypt:3  | Found a staircase to the Tomb.
 49898 | Crypt:3  | Found a basalt altar of Yredelemnul.
 49900 | Crypt:3  | Identified the amulet of Axy Alyo {Reflect Drain rC+ Str+2
                  | Dex+4 SH+5}
 49934 | Crypt:3  | Identified the +1 leather armour of Optimism {rElec Will+}
 49945 | Crypt:3  | Identified the +4 spear "Faifis" {protect, Fragile +Blink
                  | MP+9 Str+4}
 49946 | Crypt:3  | Identified the amulet of Mirth {Spirit Rampage rN+ rCorr}
 49946 | Crypt:3  | Identified the +0 plate armour "Nuxigixt" {Fly Will++}
 50184 | Tomb:1   | Entered Level 1 of the Tomb of the Ancients
 50347 | Tomb:1   | Reached skill level 1 in Unarmed Combat
 50640 | Tomb:1   | Noticed a royal mummy
 50641 | Tomb:1   | Reached skill level 5 in Unarmed Combat
 50748 | Tomb:1   | Killed a royal mummy
 50765 | Tomb:1   | Noticed a royal mummy
 50767 | Tomb:1   | Killed a royal mummy
 50769 | Tomb:1   | Noticed a royal mummy
 50776 | Tomb:1   | Killed a royal mummy
 51001 | Tomb:1   | Identified the +6 broad axe of Tolef {antimagic, rF+}
 51573 | Orc:2    | Found a transporter.
 51579 | Orc:2    | Killed NateTC's ghost
 51943 | Depths:4 | Noticed a caustic shrike
 51961 | Depths:4 | Noticed a caustic shrike
 51961 | Depths:4 | Noticed a caustic shrike
 51962 | Depths:4 | Noticed a caustic shrike
 51963 | Depths:4 | Killed a caustic shrike
 51964 | Depths:4 | Killed a caustic shrike
 51964 | Depths:4 | Killed a caustic shrike
 51965 | Depths:4 | Killed a caustic shrike
 52041 | Depths:4 | Identified the ring of the Will of the Gods {+Blink rPois
                  | rCorr Str+4}
 52253 | Depths:4 | Killed Vv
 52503 | Depths:4 | Reached skill level 10 in Unarmed Combat
 52603 | Depths:4 | Found a gate to the Realm of Zot.
 53760 | Elf:2    | Reached XP level 26. HP: 213/213 MP: 0/0
 54012 | Elf:2    | Reached skill level 15 in Armour
 54325 | Elf:3    | Entered Level 3 of the Elven Halls
 54460 | Elf:3    | Found Uplodui's Book Emporium.
 54648 | Elf:3    | Reached skill level 12 in Dodging
 54835 | Elf:3    | Identified the ring of Asuiruk {rC+++ Str+3 Int+2 Dex-4
                  | SInv}
 54878 | Elf:3    | Reached skill level 13 in Dodging
 55018 | Elf:3    | Identified the +6 broad axe of Causality {freeze, rElec
                  | rC+}
 55053 | Elf:3    | Identified the ring of Najo {Ice MP+9 SInv}
 55067 | Elf:3    | Reached skill level 14 in Dodging
 55098 | Elf:3    | Identified the +8 scimitar of a bailey {holy, Str+3}
 55131 | Elf:3    | Found the +4 moon troll leather armour {Spirit, Regen++
                  | MP+5}
 55132 | Elf:3    | Identified the Compilation of Electric Enchantment
 55165 | Elf:3    | Identified the staff of poison "Heanuamm" {rPois Str+2
                  | Dex+2}
 55165 | Elf:3    | Identified the staff of cold "Bemuw" {rElec rC+ Int+3
                  | Dex-3}
 55217 | Elf:3    | Identified the +1 scale mail "Eruibaiw" {rF- Will+ Regen+}
 55219 | Elf:3    | Identified the Cyclopedia of the Undead
 55219 | Elf:3    | Identified the +0 flail "Honear" {drain, rElec Str+5 SInv}
 55224 | Elf:3    | Identified the staff of death "Xufugg" {rPois rF+ rN+
                  | Will-}
 56123 | Spider:2 | Killed Roxanne
 56541 | Vaults:5 | Entered Level 5 of the Vaults
 56545 | Vaults:5 | Noticed a dread lich
 56707 | Vaults:5 | Killed a dread lich
 56753 | Vaults:5 | Reached XP level 27. HP: 203/228 MP: 0/0
 56753 | Vaults:5 | Learned a level 9 spell: Polar Vortex
 56766 | Vaults:5 | Reached skill level 15 in Dodging
 56925 | Vaults:5 | Reached skill level 16 in Dodging
 56934 | Vaults:5 | Noticed an ancient lich
 56937 | Vaults:5 | Killed an ancient lich
 57089 | Vaults:5 | Reached skill level 17 in Dodging
 57417 | Vaults:5 | Got a silver rune of Zot
 57542 | Vaults:5 | Identified the staff of earth "Ytoitenna" {Stlth+}
 57616 | Vaults:5 | Acquired a manual of Short Blades
 58249 | Zot:1    | Entered Level 1 of the Realm of Zot
 58538 | Zot:1    | Noticed an orb of fire
 59104 | Zot:1    | Killed an orb of fire
 59663 | Zot:2    | Identified the ring "Qeoxalum" {Ice rN++ Dex-5}
 59663 | Zot:2    | Noticed Josephina
 59699 | Zot:2    | Killed Josephina
 62285 | Zot:4    | Reached skill level 15 in Unarmed Combat
 62704 | Zot:4    | Noticed an orb of fire
 62709 | Zot:4    | Gained mutation: You are dopey. (Int -2) [an orb of fire]
 62710 | Zot:4    | Gained mutation: You are very dopey. (Int -4) [an orb of
                  | fire]
 62711 | Zot:4    | Killed an orb of fire
 63119 | Zot:5    | Entered Level 5 of the Realm of Zot
 63238 | Zot:5    | Identified the +9 executioner's axe of the Whelk
                  | {antimagic, Dex+2}
 63315 | Zot:4    | Reached skill level 10 in Stealth
 63984 | Zot:5    | Reached skill level 18 in Dodging
 64144 | Zot:5    | Noticed a Killer Klown
 64151 | Zot:5    | Killed a Killer Klown
 64157 | Zot:5    | Noticed a Killer Klown
 64157 | Zot:5    | Noticed an ancient lich
 64161 | Zot:5    | Killed an ancient lich
 64166 | Zot:5    | Noticed an orb of fire
 64173 | Zot:5    | Noticed a Killer Klown
 64177 | Zot:5    | Killed a Killer Klown
 64180 | Zot:5    | Killed an orb of fire
 64180 | Zot:5    | Killed a Killer Klown
 64181 | Zot:5    | Reached skill level 19 in Dodging
 64209 | Zot:5    | Noticed an orb of fire
 64218 | Zot:5    | Killed an orb of fire
 64218 | Zot:5    | Noticed a Killer Klown
 64242 | Zot:5    | Noticed a dread lich
 64246 | Zot:5    | Killed a Killer Klown
 64246 | Zot:5    | Killed a dread lich
 64497 | Zot:5    | Reached skill level 20 in Dodging
 64511 | Zot:5    | Noticed a dread lich
 64514 | Zot:5    | Killed a dread lich
 64520 | Zot:5    | Noticed an orb of fire
 64527 | Zot:5    | Killed an orb of fire
 64580 | Zot:5    | Reached skill level 21 in Dodging
 64594 | Zot:5    | Noticed a Killer Klown
 64617 | Zot:5    | Killed a Killer Klown
 64637 | Zot:5    | Noticed a Killer Klown
 64646 | Zot:5    | Killed a Killer Klown
 64783 | Zot:5    | Noticed an ancient lich
 64787 | Zot:5    | Killed an ancient lich
 64900 | Zot:5    | Noticed a Killer Klown
 65318 | Depths:3 | Voluntarily entered the Abyss.
 65399 | Abyss:1  | Found a corrupted altar of Lugonu.
 65425 | Abyss:1  | Found a corrupted altar of Lugonu.
 65460 | Abyss:2  | Found a corrupted altar of Lugonu.
 65496 | Abyss:3  | Reached skill level 22 in Dodging
 65612 | Abyss:3  | Got an abyssal rune of Zot
 65625 | Depths:3 | Escaped the Abyss
 66002 | Slime:1  | Entered Level 1 of the Pits of Slime
 66046 | Slime:3  | Reached skill level 23 in Dodging
 66115 | Slime:5  | Entered Level 5 of the Pits of Slime
 66541 | Slime:5  | Noticed the Royal Jelly
 66567 | Slime:5  | Killed the Royal Jelly
 66605 | Slime:5  | Identified Sif Muna's Almanac of Quantum Evolution
 66606 | Slime:5  | Identified the +6 sling "Dokhen" {antimagic, Will+ Str+4
                  | Int+3 Stlth-}
 66617 | Slime:5  | Got a slimy rune of Zot
 67203 | D:15     | Lost mutation: You are very dopey. (Int -4) [potion of
                  | mutation]
 67203 | D:15     | Lost mutation: You are dopey. (Int -2) [potion of mutation]
 67203 | D:15     | Gained mutation: You sometimes lose your temper in combat.
                  | [potion of mutation]
 67203 | D:15     | Gained mutation: You are clumsy. (Dex -2) [potion of
                  | mutation]
 67203 | D:15     | Gained mutation: Your muscles are strong. (Str +4, Int/Dex
                  | -1) [potion of mutation]
 67204 | D:15     | Lost mutation: You are clumsy. (Dex -2) [potion of
                  | mutation]
 67204 | D:15     | Lost mutation: Your muscles are strong. (Str +4, Int/Dex
                  | -1) [potion of mutation]
 67204 | D:15     | Lost mutation: You sometimes lose your temper in combat.
                  | [potion of mutation]
 67204 | D:15     | Gained mutation: You occasionally shout uncontrollably at
                  | your foes. [potion of mutation]
 67204 | D:15     | Gained mutation: Your spells are a little harder to cast,
                  | but a little more powerful. [potion of mutation]
 67204 | D:15     | Gained mutation: You are partially covered in iridescent
                  | scales. (AC +2) [potion of mutation]
 67205 | D:15     | Lost mutation: Your spells are a little harder to cast, but
                  | a little more powerful. [potion of mutation]
 67205 | D:15     | Lost mutation: You are partially covered in iridescent
                  | scales. (AC +2) [potion of mutation]
 67205 | D:15     | Gained mutation: Your natural rate of healing is unusually
                  | fast. [potion of mutation]
 67205 | D:15     | Lost mutation: Your natural rate of healing is unusually
                  | fast. [potion of mutation]
 67205 | D:15     | Gained mutation: You have a pair of small horns on your
                  | head. [potion of mutation]
 67206 | D:15     | Lost mutation: You have a pair of small horns on your head.
                  | [potion of mutation]
 67206 | D:15     | Lost mutation: You occasionally shout uncontrollably at
                  | your foes. [potion of mutation]
 67206 | D:15     | Gained mutation: You have a pair of small horns on your
                  | head. [potion of mutation]
 67206 | D:15     | Gained mutation: Your movements are slightly less
                  | encumbered by armour. (ER -2) [potion of mutation]
 67244 | Hell     | Entered the Vestibule of Hell
 67244 | Hell     | Noticed Geryon
 67269 | Hell     | Killed Geryon
 67406 | Hell     | Found a gateway to the freezing wastes of Cocytus.
 67534 | Hell     | Found a gateway to the Iron City of Dis.
 67602 | Hell     | Found a gateway to the ashen valley of Gehenna.
 67680 | Hell     | Found a gateway to the decaying netherworld of Tartarus.
 68032 | Pan      | Entered Pandemonium
 68174 | Pan      | Identified the +10 glaive "Puipe" {antimagic, rPois rC+
                  | Dex+3}
 68239 | Pan      | Found a white marble altar of Elyvilon.
 69140 | Pan      | Found a glowing silver altar of Zin.
 69554 | Pan      | Reached skill level 1 in Long Blades
 69698 | Pan      | Identified the ring of Inkogulaoro {*Corrode rPois Str+6
                  | Dex+8 Slay+4}
 69698 | Pan      | Noticed a seraph
 69701 | Pan      | Reached skill level 5 in Long Blades
 69708 | Pan      | Identified the +4 buckler of Nihilism {Fly Will+}
 69715 | Pan      | Killed a seraph
 69850 | Pan      | Found a glowing golden altar of the Shining One.
 69851 | Pan      | Identified the Treatise on the Helpful Squall
 69874 | Pan      | Identified the Atlas of Inhalation
 69878 | Pan      | Identified the Directory of Changed Phlogiston
 69882 | Pan      | Got a demonic rune of Zot
 70244 | Depths:2 | Escaped Pandemonium
 70654 | Orc:1    | Bought a scroll of enchant weapon for 90 gold pieces
 70700 | Orc:1    | Found a runed translucent door.
 71012 | Pan      | Entered Pandemonium
 71085 | Pan      | Reached skill level 10 in Long Blades
 71364 | Pan      | Noticed Tamiloho the pandemonium lord
 71367 | Pan      | Killed Tamiloho the pandemonium lord
 71789 | Pan      | Noticed Ysik the pandemonium lord
 71798 | Pan      | HP: 4/228 [Ysik the pandemonium lord (20)]
 71799 | Pan      | Annihilated by Ysik the pandemonium lord

Illustrated notes

Levels and vault maps discovered:
D:1:      dpeg_arrival_lava_altar, layout_loops_ring
D:2:      layout_basic, ebering_ecumenical_altar_rust
D:3:      layout_loops_corners, serial_shops, nicolae_shop_window_shopping,
          uniq_robin
D:4:      layout_rooms
D:5:      layout_cave_pods, led_sif_pool
D:6:      kennysheep_housing_project, layout_basic, uniq_eustachio
D:7:      layout_basic, minmay_temple_entry_nine_rooms,
          chequers_decorated_corner, uniq_crazy_yiuf_cottage
D:8:      layout_cave_pods, nzn_wu_jian_contemplation,
          due_lair_maze_entry_diamond, enter_bailey_2, feat_on_display,
          uniq_erica
D:9:      layout_loops_corners, minitemple, orc_0_dummy, uniq_gastronok,
          uniq_erolcha
D:10:     layout_gridville, nicolae_hexahallways
D:11:     layout_stronghold, serial_shops, nicolae_book_shop_shelving
D:12:     layout_cave_pools
D:13:     layout_cross, erik_vaults_2, hellmonk_ghost_happy_afterlife,
          grunt_ministairs_1, uniq_maurice
D:14:     layout_irregular_city, enter_trove_2, minmay_puff
D:15:     hangedman_depths_entry_try_elsewhere_first, layout_gridville,
          serial_shops, nicolae_shop_tiny_statue_garden,
          minmay_misc_feat_square, grunt_dithmenos_shadows
Temple:   regret_index_temple_generic_petals
Lair:1:   layout_chaotic_city, serial_bayou_shore_b, grunt_megastairs_5
Lair:2:   layout_gridlike, nicolae_spider_entry_lesser_pyramids,
          infiniplex_staircase_pool
Lair:3:   layout_roguey, nicolae_swamp_entry_splash_gauntlet,
          gammafunk_ghost_grave, uniq_kirke, uniq_snorg
Lair:4:   layout_regular_city, minmay_slime_entry_pillars, nicolae_lair_lindhole
Lair:5:   evilmike_catoblepas_cave, layout_long_grid,
          chequers_serial_rivers_micro_e, grunt_forest_stairs_basic
Swamp:1:  layout_basic_swamp, nicolae_swamp_dense_foliage, swamp_pool3,
          hangedman_swamp_wriggling, infiniplex_staircase_pool_2
Swamp:2:  layout_falls_marsh, evilmike_swamp_ruin_house_4
Swamp:3:  layout_falls_marsh, nicolae_swamp_big_swirl
Swamp:4:  swamp_old_school, layout_basic_swamp, swamp_pool2,
          nicolae_swamp_hydra_murder_den
Spider:1: layout_chambers, portal_ice_cave_entry_ice_simulacra
Spider:2: layout_spider_delve, nicolae_spider_cling_halls, uniq_roxanne
Spider:3: layout_spider_delve
Spider:4: spider_rune_water
Slime:1:  layout_caves, basic_altar, special_room [special_room_jelly]
Slime:2:  layout_caves
Slime:3:  layout_caves
Slime:4:  layout_caves
Slime:5
Orc:1:    layout_diamond_mine, serial_shops, shop, lightli_church_of_beogh,
          uniq_urug
Orc:2:    st_orc_pillars, layout_caves, gammafunk_ghost_smash
Elf:1:    layout_rooms, serial_shops, freezing_bzr, minmay_elf_annihilation,
          grunt_megastairs_4
Elf:2:    elven_hall_of_blades_hangedman_alternative [nicolae_blade_tridents],
          layout_loops_corners, serial_shops, shop, nicolae_shop_stone,
          nicolae_shop_temple_entry_statues_fountains, nicolae_square_shop,
          shop, nicolae_stop_n_shop_1, st_stairs_11
Elf:3:    minmay_elf_hall_furrowed, layout_rooms, serial_shops, shop
Vaults:1: ontoclasm_vaults_ring_small, v_alt_pattern_6,
          nicolae_vaults_trapezoid_lopsided_1, nicolae_vaults_yaktaur_gun_rack,
          nicolae_vaults_trapezoid_2, grunt_vaults_funnel,
          nicolae_vaults_more_shelving_1, layout_vaults_quadrants, serial_shops,
          nicolae_shop_trees, uniq_nikola, uniq_saint_roka
Vaults:2: hangedman_vaults_nodes, vaults_room_fancy_cross,
          nicolae_vaults_sesquioval_fish, v_misc_30, hangedman_vaults_snaps,
          nicolae_vaults_trapezoid_1, v_rooms_2, nicolae_vaults_network_star,
          blue_anna_dwarven_crypt, hangedman_vaults_stretched_pinwheel,
          v_misc_13, nicolae_vaults_prndl, layout_vaults_omnicross,
          serial_shops, bzr_firewalk, uniq_frederick
Vaults:3: nicolae_vaults_angled_halls, nicolae_vaults_storage_closets_2,
          nicolae_vaults_closet_pinwheel_2, vaults_room_corners,
          vaults_dpeg_encased_lava, nicolae_vaults_turnstiles, v_misc_22,
          nicolae_vaults_security_offices_2, nicolae_vaults_border_crossing,
          nicolae_vaults_twisting_passages, nicolae_vaults_ring_of_whatevers,
          layout_vaults_big_room
Vaults:4: nicolae_vaults_trapezoid_2, nicolae_vaults_closet_pinwheel_1,
          nicolae_vaults_security_offices_5, ontoclasm_vaults_eye, v_misc_29,
          v_misc_22, nicolae_vaults_closet_pinwheel_4,
          nicolae_vaults_what_the_h, v_misc_5, nicolae_vaults_little_ls,
          ontoclasm_vaults_loading_screen, layout_vaults_maze, serial_glass,
          uniq_jory, uniq_zenata, uniq_margery, uniq_bai_suzhen
Vaults:5
Crypt:1:  ragdoll_tomb_raider, layout_catacombs, minivault_14
Crypt:2:  layout_misc_corridors
Crypt:3:  lightli_unholy_cathedral, layout_chaotic_city,
          nicolae_tomb_entry_unfolded_pyramid_orthogonal,
          ebering_ghost_reflecting_pool
Tomb:1
Depths:1: layout_long_grid, hellmonk_okawaru_the_only_friend_you_need,
          hell_entry, grunt_gozag_breadcrumbs, minmay_shop_grove
Depths:2: wad_cavern_with_rooms, layout_gridville, grunt_hell_entry_dis_old,
          pan_entry, st_stairs_7, evilmike_spriggan_trog_shrine
Depths:3: minmay_the_grid_triangle_9x9_rhombus_full_mashed
          [minmay_the_grid_triangle_9x9_odd_lines,
          minmay_the_grid_triangle_9x9_cache,
          minmay_the_grid_triangle_9x9_stretched_checkered,
          minmay_the_grid_triangle_9x9_pentomino_pain,
          minmay_the_grid_triangle_9x9_sprig,
          minmay_the_grid_triangle_9x9_skeleton,
          minmay_the_grid_triangle_9x9_sparse_checkered,
          minmay_the_grid_triangle_9x9_prize_insulated], layout_cave_pools,
          enter_ziggurat_d, chequers_serial_rivers_room_a, abyss_entry_crystal,
          pan_entry, hell_entry
Depths:4: grunt_zot_entry_hairpin, layout_honeycomb, grunt_mini_vestibule,
          serial_glass, glass_columns_a, glass_columns_c, due_unseen_surprise,
          grunt_decor_one_mirror, uniq_vv
Hell
Zot:1:    layout_gridville, zot_minivault_1
Zot:2:    layout_basic, zot_minivault_6, uniq_josephina
Zot:3:    layout_cellular_growth
Zot:4:    layout_onion_interference
Zot:5:    layout_gridlike, st_stairs_12
Pan:      evilmike_holy_pan, evilmike_mini_pan_diamond, layout_cellular_growth,
          lemuel_hellion_island, layout_pan_divisions_b
          [pan_division_quadrant_b1, pan_division_quadrant_b2,
          pan_division_quadrant_b4, pan_division_quadrant_b5],
          pan_blood_fountain_small, nicolae_pan_cerebovesque_2

Skill      XL: |  1  2  3  4  5  6  7  8  9 10 11 12 13 14 15 16 17 18 19 20 21 22 23 24 25 26 27 |
---------------+----------------------------------------------------------------------------------+-----
Fighting       | 1 2 3 4 5 7 9 10 11 13 14 16 18 19 20 21 | 21.6
Spellcasting   | 3 4 5 7 8 10 11 12 13 14 15 16 18 20 21 | 21.6
Dodging        | 6 11 14 23 | 23.3
Armour         | 4 6 8 12 14 15 22 | 22.4
Stealth        | 3 8 10 | 10.8
Evocations     | 4 5 9 11 12 | 12.9
Shields        | 6 13 15 | 15.8
Unarmed Combat | 10 15 | 15.0
Long Blades    | 12 | 12.5

Action                     |  1- 3 |  4- 6 |  7- 9 | 10-12 | 13-15 | 16-18 | 19-21 | 22-24 | 25-27 || total
---------------------------+-------+-------+-------+-------+-------+-------+-------+-------+-------++-------
  Melee: Unarmed           |     4 |       |       |       |       |       |    12 |    17 |    36 ||    69
         Dagger            |     3 |       |       |       |       |       |       |       |       ||     3
         Spear             |       |       |    11 |     3 |       |       |       |       |       ||    14
         Staff             |       |       |       |       |     2 |     2 |       |       |    10 ||    14
         Bite              |       |       |       |       |       |       |     2 |     5 |     5 ||    12
         Punch             |       |       |       |       |       |       |     1 |       |     2 ||     3
         Tailslap          |       |       |       |       |       |       |       |     4 |     2 ||     6
         Eudemon blade     |       |       |       |       |       |       |       |       |    12 ||    12
         Headbutt          |       |       |       |       |       |       |       |       |     9 ||     9
   Cast: Foxfire           |    77 |   118 |   156 |   319 |   213 |    20 |     1 |       |       ||   904
         Scorch            |     2 |    21 |    41 |   101 |    55 |    11 |     6 |       |       ||   237
         Inner Flame       |       |     3 |     7 |    25 |     7 |       |       |       |       ||    42
         Volatile Blastmot |       |       |     7 |     4 |       |       |       |       |       ||    11
         Stone Arrow       |       |       |     6 |    54 |    90 |     3 |    22 |     2 |    11 ||   188
         Anguish           |       |       |       |     2 |     2 |       |     1 |       |       ||     5
         Passage of Golubr |       |       |       |     3 |     2 |       |     4 |     1 |    10 ||    20
         Freezing Cloud    |       |       |       |       |    85 |    27 |    35 |     9 |     6 ||   162
         Plasma Beam       |       |       |       |       |   158 |   382 |   321 |   412 |  1192 ||  2465
         Death Channel     |       |       |       |       |       |    18 |    32 |    18 |    25 ||    93
         Dragon Form       |       |       |       |       |       |       |     2 |     4 |    12 ||    18
         Discord           |       |       |       |       |       |       |     4 |    10 |     5 ||    19
         Ignition          |       |       |       |       |       |       |       |     8 |   106 ||   114
         Shatter           |       |       |       |       |       |       |       |       |   114 ||   114
         Polar Vortex      |       |       |       |       |       |       |       |       |    19 ||    19
 Invoke: Curse Item        |       |       |       |     6 |     1 |     2 |     1 |     3 |     1 ||    14
         Shatter the Chain |       |       |       |       |     1 |     2 |     1 |     2 |     1 ||     7
Ability: End Transformatio |       |       |       |       |       |       |       |     1 |     4 ||     5
  Evoke: Wand              |       |       |       |       |       |     1 |     1 |       |     9 ||    11
         Phial of floods   |       |       |       |       |       |       |       |     1 |       ||     1
         Horn of Geryon    |       |       |       |       |       |       |       |       |     1 ||     1
    Use: Scroll            |       |       |       |    10 |     4 |     2 |     3 |       |    14 ||    33
         Potion            |       |       |       |       |     2 |       |       |       |     4 ||     6
   Stab: Sleeping          |       |       |     1 |       |       |       |       |       |     1 ||     2
         Distracted        |       |       |       |       |       |       |       |     1 |       ||     1
 Armour: Robe              |     4 |     5 |     2 |       |       |       |       |       |       ||    11
         Steam dragon scal |       |       |    10 |    19 |       |       |       |       |       ||    29
         Leather armour    |       |       |     6 |       |       |       |       |       |       ||     6
         Troll leather arm |       |       |       |     6 |    42 |    44 |    37 |    14 |    54 ||   197
         Skin              |       |       |       |       |       |       |    14 |     8 |    11 ||    33
  Dodge: Dodged            |    10 |    11 |    28 |    81 |    84 |    79 |   144 |    66 |   303 ||   806
  Block: Buckler           |       |       |       |    10 |    17 |    22 |    30 |       |       ||    79
         Kite shield       |       |       |       |       |       |       |     7 |   108 |   331 ||   446
